 Dungeon Crawl Stone Soup version 0.22-a0-825-ga28c36f (webtiles) character file.

48789 tilp the Impaler (level 14, -29/105 HPs)
             Began as a Merfolk Ice Elementalist on July 17, 2018.
             Was a Priest of Makhleb.
             Killed from afar by Azrael (34 damage)
             ... with damnation
             ... on level 2 of the Orcish Mines on July 24, 2018.
             The game lasted 02:12:12 (35820 turns).

tilp the Impaler (Merfolk Ice Elementalist)        Turns: 35820, Time: 02:12:13

Health: -29/105    AC: 13    Str:  8    XL:     14   Next: 47%
Magic:  26/26      EV: 21    Int: 18    God:    Makhleb [***...]
Gold:   1267       SH:  0    Dex: 16    Spells: 5/29 levels left

rFire    . . .     SeeInvis +   S - +2 halberd (flame)
rCold    . . .     Gourm    .   (shield currently unavailable)
rNeg     . . .     Faith    .   Z - +0 troll leather armour
rPois    .         Spirit   .   v - +2 helmet {SInv}
rElec    .         Reflect  .   (no cloak)
rCorr    .         Harm     .   l - +2 pair of gloves
MR       ++...                  K - +2 pair of boots of Elitism {Regen+}
Stlth    ++........             (no amulet)
HPRegen  1.07/turn              Q - +3 ring of evasion
MPRegen  0.20/turn              C - ring of protection from magic

@: no status effects
A: change form in water, swift swim, stealthy swim, screaming 1
a: Minor Destruction, Lesser Servant of Makhleb, Renounce Religion


You were on level 2 of the Orcish Mines.
You worshipped Makhleb.
Makhleb was most pleased with you.
You were not hungry.

You visited 4 branches of the dungeon, and saw 21 of its levels.

You collected 1730 gold pieces.
You spent 463 gold pieces at shops.

Inventory:

Hand Weapons
 a - a cursed -1 glaive
 A - a +0 trident
 N - a +0 glaive
 S - a +2 halberd of flaming (weapon)
Missiles
 g - 4 steel javelins (quivered)
 m - 28 tomahawks
Armour
 l - a +2 pair of gloves (worn)
 v - a +2 helmet of see invisible (worn)
 J - a +2 buckler
 K - the +2 pair of boots of Elitism (worn) {Regen+}
   (You found it on level 11 of the Dungeon)

   It increases your rate of regeneration.
 Z - a +0 troll leather armour (worn)
Magical Staves
 s - an uncursed staff of cold
Jewellery
 z - an uncursed ring of stealth
 B - a +2 ring of slaying {unknown}
 C - a ring of protection from magic (right hand)
 D - an uncursed ring of flight
 O - an uncursed ring of wizardry
 Q - a +3 ring of evasion (left hand)
 V - an uncursed ring of fire {unknown}
Wands
 h - a wand of scattershot (13)
 p - a wand of polymorph (25)
 M - a wand of disintegration (4)
 U - a wand of iceblast (6)
 Y - a wand of paralysis (6)
Scrolls
 i - 5 scrolls of remove curse
 o - 2 scrolls of enchant weapon {unknown}
 q - a scroll of acquirement {unknown}
 w - a scroll of teleportation
 x - a scroll of immolation {unknown}
 y - a scroll of fog
 E - 3 scrolls of amnesia {unknown}
 F - 2 scrolls of enchant armour
 G - 2 scrolls of magic mapping
 H - 3 scrolls of blinking {unknown}
 L - 2 scrolls of fear {unknown}
 T - a scroll of brand weapon {unknown}
Potions
 b - 2 potions of brilliance
 d - a potion of haste
 e - a potion of magic
 f - 2 potions of cancellation
 j - 5 potions of curing
 n - 5 potions of agility
 r - 2 potions of berserk rage
 u - 3 potions of flight
 I - a potion of resistance
 P - 4 potions of might
 R - a potion of mutation
 X - 2 potions of experience
Comestibles
 c - 12 rations
 k - 3 chunks of flesh


   Skills:
 - Level 8.0 Fighting
 - Level 16.0 Polearms
 - Level 10.0 Dodging
 - Level 2.1 Stealth
 - Level 4.3 Shields
 - Level 8.0 Spellcasting
 - Level 4.0 Conjurations
 - Level 6.0 Charms
 + Level 13.7 Ice Magic
 - Level 3.1 Air Magic
 - Level 5.0 Invocations
 - Level 6.0 Evocations


You had 5 spell levels left.
You knew the following spells:

 Your Spells              Type           Power        Failure   Level  Hunger
a - Freeze                Ice            ####         1%          1    None
b - Throw Frost           Conj/Ice       #####.       1%          2    None
c - Ozocubu's Armour      Chrm/Ice       #####...     1%          3    #......
d - Throw Icicle          Conj/Ice       #####...     3%          4    ###....
e - Conjure Flame         Conj/Fire      ##......     19%         3    #......
f - Poisonous Vapours     Pois/Air       ##....       12%         2    None
g - Mephitic Cloud        Conj/Pois/Air  ###.....     16%         3    #......
h - Freezing Cloud        Conj/Ice/Air   ####......   77%         6    ######.

Your spell library contained the following spells:

 Spells                   Type           Power        Failure   Level  Hunger
 Ring of Flames           Chrm/Fire      ###.......   100%        7    #######
 Summon Ice Beast         Ice/Summ       ####....     9%          4    ###....


Dungeon Overview and Level Annotations

Branches:
Dungeon (12/15)            Temple (1/1) D:6            Lair (6/6) D:8
  Swamp (0/4) Lair:2        Snake (0/4) Lair:4          Orc (2/2) D:12
    Elf (0/3) Orc:2
  Slime: Lair:5-6

Altars:
Ashenzari
Cheibriados
Dithmenos
Elyvilon
Fedhas
Gozag
Hepliaklqana
Kikubaaqudgha
Makhleb
Nemelex Xobeh
Okawaru
Qazlal
Ru
Sif Muna
Trog
Uskayaw
Vehumet
Wu Jian
Xom
Yredelemnul
Zin
The Shining One

Shops:
D:4 !   D:5 ?   D:9 *%   D:12 %*   Orc:2 ?%[%

Annotations:
D:10 exclusion: downstairs
D:11 exclusions: orc and orc wizard, Psyche
Lair:3 exclusion: oklob plant
Lair:5 exclusions: fire dragon and 1 more exclusion
Lair:6 exclusion: 3 elephants
Orc:2 Azrael


Innate Abilities, Weirdness & Mutations

You revert to your normal form in water.
You are very nimble and swift while swimming.
You are very stealthy in the water. (Stealth+)
You occasionally shout uncontrollably at your foes.


Message History

The bolt of fire hits you!
Your neqoxec gestures.
Azrael gestures at you.
The fireball explodes!
The fireball engulfs you! The hell hound bites your neqoxec. x2
Your neqoxec hits Azrael but does no damage.
Azrael gestures at you.
The fireball explodes!
The fireball engulfs you!
Your shadow imp barely misses Azrael.
The hell hound bites your neqoxec!
Your iron imp misses the hell hound.
Your neqoxec hits the hell hound! The bolt hits your iron imp.
The hell hound barely misses your shadow imp.
Your neqoxec hits the hell hound.
Your shadow imp barely misses Azrael.
Azrael gestures at you.
The fireball explodes!
The fireball engulfs you!
* * * LOW HITPOINT WARNING * * *
Your shadow imp hits Azrael.
Azrael gestures at you.
The sphere of damnation explodes!
The damnation engulfs you!
You die...

.......#........#....§535..≈≈≈# *
##...................R...≈≈≈≈####
#...............#..h...≈((≈####∩#
...........#....#.....≈≈≈≈####?..
#..)..).......(................∩.
#..(............(..............∩.
................#(....≈≈≈≈####...
#.......##......#..)...≈≈≈≈####∩#
.#(......##.....@........≈≈≈≈####
......#.#.##..(.#..........≈≈≈# #
.(....#.........##..........≈≈# #
.................##..##..##...###
#...........)).).....(...........
............[).).................
#...#....)##[...)###..(.#........
##.###..(.)<)..........(.#....(..
####....((().........(..)##...(.


You could see Azrael and a hell hound.

Vanquished Creatures
  A hydra (Lair:3)
  2 death yaks (Lair:4)
  The ghost of Gildeon the Spear-Bearer, a novice DrFi of the Shining One (D:10)
  An ogre mage (D:12)
  6 two-headed ogres
  2 unseen horrors
  3 ugly things
  An orc sorcerer (Orc:2)
  An elephant (Lair:5)
  2 black mambas
  13 spiny frogs
  9 rime drakes (Lair:5)
  2 komodo dragons
  2 trolls (Orc:1)
  A polar bear (Lair:5)
  17 blink frogs
  Grinder (D:5)
  3 slime creatures
  12 hippogriffs
  A meliai zombie (D:9)
  3 flying skulls (D:11)
  A vampire (D:11)
  A spriggan (D:7)
  2 wyverns
  5 wraiths
  A fire elemental (Orc:1)
  17 yaks
  A basilisk (Lair:2)
  4 steam dragons
  5 hogs
  A hungry ghost (D:7)
  14 water moccasins
  A warg (Orc:1)
  An acid dragon (D:11)
  A naga (Lair:4)
  8 porcupines
  3 hell hounds
  A swamp drake (D:12)
  4 ice beasts
  3 black bears
  27 orc warriors
  3 sky beasts
  10 ogres
  4 wolves (Lair:3)
  11 centaurs
  14 crocodiles
  9 bullfrogs
  A big kobold (D:11)
  A gnoll sergeant (D:6)
  5 scorpions
  2 wyvern skeletons (D:11)
  3 killer bees
  12 wights
  A howler monkey (D:4)
  3 crimson imps
  3 bullfrog zombies
  2 centaur zombies
  4 hounds
  A quasit (D:5)
  10 orc priests
  6 bullfrog skeletons
  4 jellies
  3 centaur skeletons
  3 iguanas
  14 orc wizards
  Ijyb (D:3)
  3 worker ants
  Terence (D:2)
  A hound zombie (D:11)
  A hound skeleton (D:11)
  A howler monkey zombie (D:10)
  4 worker ant zombies
  Robin (D:3)
  4 gnolls
  11 adders
  4 shadow imps
  An ooze (D:4)
  3 adder skeletons
  3 worms
  5 leopard geckos
  45 orcs
  2 giant cockroaches
  13 goblins
  6 hobgoblins
  8 jackals
  8 kobolds
  8 quokkas
  2 ball pythons (D:2)
  7 bats
  4 frilled lizards
  A jackal skeleton (D:4)
  A jackal zombie (D:6)
  A quokka zombie (D:9)
  2 rats
466 creatures vanquished.

Vanquished Creatures (collateral kills)
  Kirke (Lair:3)
  A stone giant (Orc:2)
  A centaur warrior (Orc:1)
  Sonja (D:12)
  2 skeletal warriors (D:11)
  An unseen horror (D:11)
  3 orc knights
  A deep elf mage (D:12)
  An orc sorcerer (Orc:1)
  A flying skull (D:11)
  A fire elemental (D:12)
  A naga (Lair:4)
  A hell hound (Orc:1)
  2 orc warriors (Orc:1)
  A centaur (Orc:2)
  A worker ant zombie (D:11)
  An orc (D:12)
21 creatures vanquished.

Vanquished Creatures (others)
  2 orcs (Orc:2)
  4 bushes (Lair:6)
  19 fungi
  9 plants
34 creatures vanquished.

Grand Total: 521 creatures vanquished

Notes
Turn   | Place    | Note
-------+----------+-------------------------------------------
     0 | D:1      | tilp the Merfolk Ice Elementalist began the quest for the Orb.
     0 | D:1      | Reached XP level 1. HP: 13/13 MP: 3/3
   334 | D:1      | Reached XP level 2. HP: 19/19 MP: 0/5
   350 | D:1      | Learned a level 2 spell: Throw Frost
   919 | D:2      | Reached XP level 3. HP: 24/24 MP: 0/6
   928 | D:2      | Learned a level 3 spell: Ozocubu's Armour
  1280 | D:2      | Reached skill level 5 in Ice Magic
  1682 | D:2      | Reached XP level 4. HP: 30/30 MP: 7/7
  1904 | D:3      | Noticed Robin
  2079 | D:3      | Noticed Terence
  2115 | D:2      | Killed Terence
  2206 | D:3      | Reached XP level 5. HP: 29/35 MP: 1/8
  2401 | D:3      | Killed Robin
  2690 | D:3      | Noticed Ijyb
  3263 | D:4      | Noticed an ogre
  3381 | D:3      | Reached skill level 1 in Fighting
  3381 | D:3      | Reached XP level 6. HP: 27/43 MP: 2/9
  3530 | D:4      | Found Qikuetz's Distillery.
  3577 | D:4      | Bought a potion of heal wounds for 55 gold pieces
  3577 | D:4      | Bought a potion of degeneration for 11 gold pieces
  4161 | D:5      | Entered Level 5 of the Dungeon
  4358 | D:5      | Reached XP level 7. HP: 47/54 MP: 8/10
  4391 | D:5      | Reached skill level 1 in Polearms
  4427 | D:5      | Reached skill level 2 in Polearms
  4543 | D:5      | Noticed Grinder
  4863 | D:5      | Reached skill level 5 in Dodging
  4918 | D:5      | Reached skill level 3 in Polearms
  5300 | D:5      | Found Enaorry's Magic Scroll Shoppe.
  5307 | D:5      | Bought a scroll of identify for 22 gold pieces
  5307 | D:5      | Bought a scroll of identify for 22 gold pieces
  5307 | D:5      | Bought a scroll of remove curse for 33 gold pieces
  5307 | D:5      | Bought a scroll of magic mapping for 38 gold pieces
  5779 | D:6      | Reached skill level 4 in Polearms
  5779 | D:6      | Reached XP level 8. HP: 31/60 MP: 7/11
  5910 | D:6      | Reached skill level 1 in Conjurations
  6002 | D:6      | Reached skill level 5 in Polearms
  6438 | D:6      | Reached skill level 6 in Polearms
  6563 | D:6      | Found a staircase to the Ecumenical Temple.
  6585 | Temple   | Entered the Ecumenical Temple
  6644 | Temple   | Became a worshipper of Makhleb the Destroyer
  6705 | D:7      | Reached skill level 1 in Shields
  6862 | D:7      | Reached skill level 7 in Polearms
  7197 | D:7      | Upgraded the game from 0.22-a0-772-gac08f70 to 0.22-a0-815-gb582571
  7242 | D:7      | Noticed a hippogriff
  7624 | D:5      | Reached skill level 8 in Polearms
  7994 | D:7      | Reached XP level 9. HP: 57/65 MP: 12/12
  8314 | D:6      | HP: 2/65 [hippogriff (5)]
  8550 | D:6      | Reached skill level 9 in Polearms
  8764 | D:7      | Noticed a two-headed ogre
  9042 | D:7      | Reached skill level 1 in Charms
  9291 | D:8      | Reached skill level 10 in Polearms
  9475 | D:8      | Found a staircase to the Lair.
  9778 | D:8      | Reached skill level 11 in Polearms
 10054 | D:8      | Found a shimmering altar of Xom.
 10225 | D:9      | Reached * piety under Makhleb
 10267 | D:9      | Found Xasil's General Store.
 10300 | D:9      | Bought a potion of brilliance for 44 gold pieces
 10325 | D:9      | Reached skill level 1 in Invocations
 10541 | D:9      | Reached XP level 10. HP: 71/71 MP: 1/13
 10704 | D:9      | Reached skill level 12 in Polearms
 10870 | D:9      | Found an ornate altar of the Wu Jian Council.
 10978 | D:9      | Found Ograetys's Food Shop.
 11228 | D:10     | Entered Level 10 of the Dungeon
 11228 | D:10     | Noticed an unseen horror
 11635 | D:10     | Upgraded the game from 0.22-a0-815-gb582571 to 0.22-a0-825-ga28c36f
 11966 | D:10     | Found a runed gate.
 11968 | D:10     | Found a runed gate.
 11970 | D:10     | Found a runed gate.
 11973 | D:10     | Noticed Gildeon's ghost (novice DrFi)
 12094 | D:10     | Learned a level 4 spell: Throw Icicle
 12097 | D:10     | Noticed a gargoyle
 12209 | D:10     | Noticed a two-headed ogre
 12401 | D:5      | Paralysed by Grinder for 2 turns
 12430 | D:5      | Killed Grinder
 12780 | D:3      | Killed Ijyb
 12870 | D:4      | Bought a potion of curing for 33 gold pieces
 12870 | D:4      | Bought a potion of might for 44 gold pieces
 12870 | D:4      | Bought a potion of might for 44 gold pieces
 12870 | D:4      | Bought a potion of curing for 33 gold pieces
 12959 | Lair:1   | Entered Level 1 of the Lair of Beasts
 12968 | Lair:1   | Found a dark tunnel.
 13482 | Lair:1   | Found a frozen archway.
 13486 | Lair:1   | Noticed a spiny frog
 13510 | Lair:1   | Killed a spiny frog
 13510 | Lair:1   | Reached skill level 5 in Fighting
 13510 | Lair:1   | Reached skill level 13 in Polearms
 14112 | Lair:2   | Reached skill level 5 in Invocations
 14364 | Lair:2   | Noticed a spiny frog
 14513 | Lair:2   | Noticed a spiny frog
 14525 | Lair:2   | Noticed a spiny frog
 14542 | Lair:2   | Killed a spiny frog
 14548 | Lair:2   | Killed a spiny frog
 14557 | Lair:2   | Reached ** piety under Makhleb
 14660 | Lair:2   | Reached XP level 11. HP: 81/81 MP: 8/15
 14672 | Lair:2   | Reached skill level 14 in Polearms
 15283 | Lair:2   | Found a staircase to the Swamp.
 16302 | Lair:3   | Reached skill level 15 in Polearms
 16302 | Lair:3   | Reached skill level 1 in Evocations
 16926 | Lair:3   | Noticed an oklob plant
 16948 | Lair:3   | Found a basalt altar of Yredelemnul.
 18129 | Lair:2   | Reached skill level 16 in Polearms
 18762 | Lair:4   | Noticed a death yak
 18762 | Lair:4   | Noticed a death yak
 18762 | Lair:4   | Noticed a death yak
 18763 | Lair:4   | Noticed a death yak
 18840 | Lair:4   | Noticed a six-headed hydra
 18860 | Lair:4   | Noticed Kirke
 19008 | Lair:3   | HP: 2/83 [six-headed hydra (12)]
 19359 | Lair:3   | Killed a six-headed hydra
 19359 | Lair:3   | Reached XP level 12. HP: 31/89 MP: 12/18
 21607 | Lair:3   | Noticed a sphinx
 22073 | D:7      | Killed a two-headed ogre
 22467 | D:10     | Found a snail-covered altar of Cheibriados.
 22490 | D:10     | Killed a two-headed ogre
 22490 | D:10     | Reached skill level 10 in Ice Magic
 23086 | D:11     | Noticed Psyche
 23281 | D:11     | Reached *** piety under Makhleb
 23281 | D:11     | Reached skill level 5 in Charms
 23370 | D:11     | Got a pair of ichor-stained boots
 23376 | D:11     | Identified the +2 pair of boots of Elitism {Regen+} (You found it on level 11 of the Dungeon)
 23461 | D:11     | Found a sacrificial altar of Ru.
 23529 | D:11     | Reached skill level 5 in Spellcasting
 23645 | D:11     | Noticed a two-headed ogre
 24480 | D:11     | Reached XP level 13. HP: 98/98 MP: 20/22
 24493 | D:11     | Learned a level 3 spell: Conjure Flame
 24496 | D:11     | Learned a level 2 spell: Poisonous Vapours
 24500 | D:11     | Learned a level 3 spell: Mephitic Cloud
 24675 | D:11     | Reached **** piety under Makhleb
 25542 | D:11     | Reached skill level 5 in Evocations
 26155 | D:12     | Noticed Sonja
 26848 | D:12     | Found a staircase to the Orcish Mines.
 27558 | D:12     | Killed Sonja
 27652 | D:12     | Found Xeirgh's Demolitions Depot.
 27692 | D:12     | Found Lofena's Food Shop.
 27825 | Orc:1    | Entered Level 1 of the Orcish Mines
 28129 | Orc:1    | You fall through a shaft!
 28129 | Orc:2    | Entered Level 2 of the Orcish Mines
 28129 | Orc:2    | Found a staircase to the Elven Halls.
 28138 | Orc:2    | Noticed Azrael
 28720 | D:10     | Killed Gildeon's ghost
 28933 | Lair:3   | Killed Kirke
 29267 | Lair:4   | Found a staircase to the Snake Pit.
 29808 | Lair:5   | Reached skill level 10 in Dodging
 30854 | Lair:5   | Reached XP level 14. HP: 105/105 MP: 8/26
 31172 | Lair:5   | Reached skill level 1 in Air Magic
 31650 | Lair:5   | Got a twisted leather armour
 31661 | Lair:5   | Identified the +1 leather armour of Ceiwk {*Contam rF- Str+10 SInv} (You found it on level 5 of the Lair of Beasts)
 32155 | Lair:6   | Entered Level 6 of the Lair of Beasts
 33905 | Orc:1    | Learned a level 6 spell: Freezing Cloud
 35282 | Orc:1    | Gained mutation: You occasionally shout uncontrollably at your foes. [mutagenic glow]
 35309 | Orc:2    | Noticed a stone giant
 35550 | Orc:2    | Killed a stone giant
 35773 | Orc:2    | Found Komejuej's Armour Emporium.
 35773 | Orc:2    | Found Zyokut's Food Boutique.
 35775 | Orc:2    | Found Uculeoh's Magic Scroll Shop.
 35777 | Orc:2    | Found Fufanek's Food Shoppe.
 35787 | Orc:2    | Bought a scroll of random uselessness for 12 gold pieces
 35787 | Orc:2    | Bought a scroll of identify for 24 gold pieces
 35787 | Orc:2    | Bought a scroll of identify for 24 gold pieces
 35787 | Orc:2    | Bought a scroll of identify for 24 gold pieces
 35819 | Orc:2    | HP: 4/105 [Azrael/fireball (28)]
 35820 | Orc:2    | Killed from afar by Azrael

Vault maps used:
D:1:      scummos_arrival_checkerplants, serial_bayou_pond_e
D:2:      first_ration
D:3:      uniq_terence, uniq_ijyb, uniq_robin
D:4:      serial_shops, shop, minivault_4
D:5:      serial_shops, nicolae_shop_crystal, uniq_grinder
D:6:      minmay_temple_entry_fiery
D:7:      the_bakery
D:8:      lair_entry_dummy, tgw_xom
D:9:      kennysheep_little_box, serial_shops, nicolae_shop_waterfront,
          nicolae_shop_trees, nicolae_sextant
D:10:     ebering_ghost_rock_garden, cheibriados_altar_1
D:11:     hangedman_screamer, nicolae_ru_awakened_eye, uniq_psyche
D:12:     erik_orc_1, serial_shops, nicolae_shop_trees, nicolae_blasting_shop,
          uniq_josephine, uniq_sonja
Temple:   nicolae_temple_the_god_donut
Lair:1:   portal_ice_cave_entry_pillars_1, nicolae_volcano_entry_hallway
Lair:2:   swamp_mist_pool, grunt_megastairs_1, infiniplex_staircase_pool
Lair:3:   basic_altar, minmay_lair_oklob_chamber, lemuel_fruit_fields
Lair:4:   guppyfry_snake_entry_island, uniq_kirke
Lair:5:   bobbens_dragon_lair_wall
Lair:6:   guppyfry_lair_end_dragon, wormcave, slime_altar_2, lemuel_fruit_fields
Orc:2:    st_orc_rangers, uniq_rupert, uniq_azrael

Skill      XL: |  1  2  3  4  5  6  7  8  9 10 11 12 13 14 |
---------------+-------------------------------------------+-----
Ice Magic      | 4 5 6 7 8 10 12 13 | 13.7
Fighting       | 1 4 5 6 8 |  8.0
Polearms       | 4 8 11 13 16 | 16.0
Dodging        | 6 7 8 10 | 10.0
Conjurations   | 2 4 |  4.0
Shields        | 3 4 |  4.3
Charms         | 4 6 |  6.0
Invocations    | 1 5 |  5.0
Spellcasting   | 4 6 8 |  8.0
Evocations     | 4 6 |  6.0
Air Magic      | 3 |  3.1
Stealth        | |  2.1

Action                   |  1- 3 |  4- 6 |  7- 9 | 10-12 | 13-15 || total
-------------------------+-------+-------+-------+-------+-------++-------
Melee: Short sword       |    11 |       |       |       |       ||    11
       Rapier            |     1 |    67 |       |       |       ||    68
       Mace              |       |    10 |       |       |       ||    10
       War axe           |       |    51 |   276 |       |       ||   327
       Trident           |       |       |    57 |  1197 |  1000 ||  2254
       Tailslap          |       |       |     1 |       |       ||     1
       Unarmed           |       |       |       |    29 |       ||    29
       Halberd           |       |       |       |       |    51 ||    51
Throw: Stone             |     4 |       |       |       |       ||     4
       Javelin           |       |     2 |     7 |     6 |     9 ||    24
 Cast: Freeze            |    42 |    43 |    66 |   305 |   194 ||   650
       Throw Frost       |     1 |     6 |    22 |    51 |    98 ||   178
       Ozocubu's Armour  |       |     9 |    34 |   115 |   118 ||   276
       Throw Icicle      |       |       |       |    12 |    32 ||    44
       Conjure Flame     |       |       |       |       |    20 ||    20
       Poisonous Vapours |       |       |       |       |     3 ||     3
Invok: Minor Destruction |       |       |       |     5 |       ||     5
       Lesser Servant of |       |       |       |       |    33 ||    33
Evoke: Wand              |       |       |       |    11 |       ||    11
  Use: Scroll            |       |     5 |     8 |     7 |     6 ||    26
       Potion            |       |     1 |     2 |     8 |     4 ||    15
 Stab: Sleeping          |     3 |     2 |     7 |     6 |     1 ||    19
       Distracted        |       |       |       |       |     6 ||     6
  Eat: Chunk             |     3 |     5 |    19 |    36 |    27 ||    90
       Ration            |       |     3 |     3 |     7 |     5 ||    18
Armor: Robe              |    13 |    48 |   117 |   199 |   100 ||   477
       Skin              |       |       |       |     4 |       ||     4
       Leather armour    |       |       |       |       |    81 ||    81
       Troll leather arm |       |       |       |       |    12 ||    12
Dodge: Dodged            |    27 |   112 |   377 |   815 |   770 ||  2101
Block: Buckler           |       |       |    56 |   356 |   333 ||   745

Table legend:
 A = Spawn XP
 B = Non-spawn XP
 C = Spawn XP percentage of total XP
 D = Spawn monster count
 E = Non-spawn monster count
 F = Spawn count percentage of total count
 G = Total turns spent on level
                    A         B        C        D         E        F      G
               +---------+---------+-------+---------+---------+-------+---------
         Total |       0 |   69699 |   0.0 |       0 |     488 |   0.0 | 35820
               +---------+---------+-------+---------+---------+-------+---------
           D:1 |       0 |      17 |   0.0 |       0 |      10 |   0.0 |   914
           D:2 |       0 |     114 |   0.0 |       0 |      19 |   0.0 |  1449
           D:3 |       0 |     172 |   0.0 |       0 |      29 |   0.0 |  1125
           D:4 |       0 |     452 |   0.0 |       0 |      21 |   0.0 |  1124
           D:5 |       0 |     914 |   0.0 |       0 |      20 |   0.0 |  1950
           D:6 |       0 |     995 |   0.0 |       0 |      19 |   0.0 |  2047
           D:7 |       0 |    1937 |   0.0 |       0 |      19 |   0.0 |  1475
           D:8 |       0 |    1282 |   0.0 |       0 |      12 |   0.0 |  1190
           D:9 |       0 |    1148 |   0.0 |       0 |      14 |   0.0 |  1355
          D:10 |       0 |    3455 |   0.0 |       0 |      20 |   0.0 |  1873
          D:11 |       0 |   12002 |   0.0 |       0 |      78 |   0.0 |  2740
          D:12 |       0 |    6066 |   0.0 |       0 |      39 |   0.0 |  2023
        Lair:1 |       0 |    1529 |   0.0 |       0 |       9 |   0.0 |  1198
        Lair:2 |       0 |    6870 |   0.0 |       0 |      30 |   0.0 |  3156
        Lair:3 |       0 |    7015 |   0.0 |       0 |      25 |   0.0 |  3219
        Lair:4 |       0 |    4934 |   0.0 |       0 |      22 |   0.0 |  2371
        Lair:5 |       0 |    8217 |   0.0 |       0 |      27 |   0.0 |  2847
        Lair:6 |       0 |    1777 |   0.0 |       0 |       8 |   0.0 |   498
         Orc:1 |       0 |    5910 |   0.0 |       0 |      33 |   0.0 |  2000
         Orc:2 |       0 |    4893 |   0.0 |       0 |      34 |   0.0 |  1197
               +---------+---------+-------+---------+---------+-------+---------
